Map: Abyssal Reef LE

Players

Vlign

  • Race: Terran Terran
  • League: Diamond
  • Spawn Location: 11:00

A.I. 1 (Elite) - Winner!

  • Race: Zerg Zerg
  • Spawn Location: 5:00

VOD

Have the link to the VOD?

Description

Time

  • Played on: July 18, 2018, 2:01 a.m.
  • Length: 9:15
Show
View Real Time Build Order
Export as new Build Order

Vlign Terran 

Build Orders: Cyclone Opening 

Get SALT Encoding   

  12  0:00  SCV  
  13  0:12  SCV  
  14  0:18  Supply Depot  
  14  0:24  SCV  
  15  0:31  Refinery  
  15  0:40  SCV  
  16  0:47  Barracks  
  16  0:52  SCV  
  17  1:04  SCV  
  18  1:16  SCV  
  20  1:35  Reaper  
  20  1:39  Orbital Command  
  20  1:41  Supply Depot  
  20  1:51  Factory  
  20  2:07  Command Center  
  21  2:08  SCV  
  21  2:14  Marine  
  22  2:20  SCV  
  23  2:26  Refinery  
  23  2:32  SCV  
  23  2:34  Cyclone  
  23  2:35  Marine  
  28  2:44  SCV  
  28  2:50  Bunker  
  29  2:57  Marine  
  30  3:09  SCV  
  31  3:19  Cyclone  
  34  3:20  Orbital Command  
  34  3:24  Armory  
  34  3:25  SCV  
  35  3:28  Refinery  
  35  3:32  Marine  
  36  3:38  SCV  
  37  3:44  Supply Depot  
  37  3:46  SCV  
  38  3:50  SCV  
  38  3:54  Factory Reactor  
  39  3:57  Barracks Tech Lab  
  39  3:58  SCV  
  40  4:03  SCV  
  41  4:12  SCV, Terran Vehicle Weapons Level 1  
  41  4:14  Supply Depot  
  43  4:24  SCV  
  43  4:26  Barracks Tech Lab  
  43  4:28  Refinery  
  43  4:31  Cyclone x2  
  46  4:33  SCV  
  46  4:35  Barracks  
  46  4:37  SCV  
  51  4:40  Supply Depot  
  51  4:45  SCV  
  51  4:48  Ghost Academy  
  51  4:49  SCV  
  53  4:57  SCV  
  54  5:02  SCV  
  54  5:03  Cyclone x2  
  61  5:08  Supply Depot  
  61  5:10  SCV  
  62  5:14  SCV  
  62  5:18  Ghost  
  65  5:25  Supply Depot  
  65  5:26  Ghost  
  67  5:30  SCV x2  
  69  5:36  Cyclone  
  69  5:40  Cyclone  
  75  5:48  Ghost  
  77  5:53  SCV  
  77  5:54  SCV  
  79  5:58  Ghost  
  79  6:03  Supply Depot  
  81  6:04  Supply Depot  
  81  6:06  SCV  
  81  6:10  Cyclone  
  85  6:12  SCV  
  86  6:25  Ghost  
  88  6:28  Cyclone  
  91  6:34  Command Center  
  91  6:53  Engineering Bay  
  91  6:56  Barracks x2  
  91  7:00  Engineering Bay  
Show
View Real Time Build Order
Export as new Build Order

A.I. 1 (Elite) Zerg - Winner!

Build Orders: Pool First 

Get SALT Encoding   

  12  0:00  Drone  
  13  0:12  Overlord  
  13  0:16  Drone  
  14  0:31  Drone x2  
  16  0:42  Spawning Pool  
  15  0:45  Drone  
  15  0:48  Drone  
  17  1:12  Hatchery  
  17  1:13  Drone  
  17  1:17  Extractor  
  16  1:18  Extractor  
  16  1:19  Drone  
  16  1:24  Drone  
  17  1:29  Drone  
  18  1:38  Drone  
  19  1:49  Overlord  
  19  1:56  Queen  
  21  2:02  Zergling x2  
  22  2:11  Drone  
  23  2:24  Queen  
  25  2:30  Drone  
  25  2:36  Drone  
  27  2:41  Drone  
  28  2:45  Drone  
  29  3:00  Roach Warren  
  29  3:01  Drone  
  29  3:04  Drone  
  30  3:07  Zergling x2  
  30  3:10  Zergling x2  
  32  3:17  Overlord  
  32  3:20  Drone  
  32  3:23  Drone  
  34  3:39  Roach  
  36  3:41  Roach  
  36  3:42  Roach  
  36  3:43  Roach  
  36  3:46  Lair  
  42  3:51  Overlord  
  42  3:56  Overlord  
  42  3:59  Zergling x2  
  42  4:02  Zergling x2  
  46  4:10  Zergling x4, Drone  
  46  4:11  Drone  
  46  4:14  Drone  
  48  4:17  Drone  
  48  4:19  Drone  
  48  4:24  Overlord  
  50  4:28  Roach  
  50  4:31  Roach  
  54  4:35  Roach  
  54  4:38  Roach  
  58  4:42  Overlord  
  58  4:48  Hydralisk Den, Drone  
  58  4:50  Drone  
  58  4:52  Drone  
  60  4:55  Roach  
  60  4:59  Roach  
  64  5:05  Drone  
  65  5:07  Drone  
  65  5:11  Overlord  
  65  5:12  Drone  
  67  5:15  Drone  
  67  5:16  Hydralisk, Drone  
  67  5:20  Hydralisk  
  73  5:24  Hydralisk  
  75  5:28  Hydralisk  
  75  5:31  Overlord  
  75  5:33  Drone  
  75  5:35  Drone  
  79  5:37  Drone  
  79  5:39  Drone  
  79  5:40  Drone  
  79  5:41  Drone  
  83  5:49  Overlord, Drone  
  84  5:54  Hydralisk, Drone  
  84  5:55  Hydralisk  
  89  6:03  Metabolic Boost  
  89  6:05  Evolution Chamber  
  89  6:06  Drone  
  89  6:07  Overlord  
  89  6:15  Hatchery  
  88  6:21  Drone  
  89  6:28  Ravager  
  89  6:30  Ravager, Evolution Chamber  
  89  6:32  Zerg Missile Weapons Level 1  
  90  6:33  Lurker Den  
  90  6:35  Drone  
  90  6:39  Evolution Chamber  
  89  6:44  Roach  
  91  6:48  Extractor, Roach  
  91  6:50  Drone  
  93  6:55  Extractor, Zerg Ground Armor Level 1  
  93  6:56  Hydralisk, Drone  
  93  6:57  Overlord  
  95  7:03  Zergling x4  
  95  7:04  Zergling x4, Zerg Melee Weapons Level 1  
  95  7:06  Spine Crawler, Zergling x4  
  95  7:07  Drone  
  89  7:09  Zergling x2  
  89  7:10  Zergling x2  
  89  7:13  Roach, Overseer  
  65  7:16  Roach  
  65  7:20  Drone  
  65  7:21  Roach  
  68  7:23  Hydralisk  
  64  7:31  Drone  
  64  7:32  Hydralisk  
  55  7:50  Zergling x2  
  42  7:52  Zergling x2  
  42  7:56  Roach  
  40  7:58  Roach  
  40  8:02  Roach  
  32  8:18  Queen  
  34  8:21  Zergling x2  
  34  8:25  Zergling x2  
  34  8:29  Roach  
  36  8:34  Roach  
  36  8:39  Roach  
  36  8:43  Roach  
  36  8:51  Zergling x2  
  32  9:08  Hatchery  
Tags
 
Add a new tag
Caveats
  • Supply blocks, unpowered buildings, or Contaminate may cause inaccurate times.
  • Supply counts are checked every 10 seconds.